 Dungeon Crawl Stone Soup version 0.21-a0-442-g848f44b (console) character file.

461717 zero the Impregnable (level 24, -8/168 HPs)
             Began as a Gargoyle Berserker on Nov 15, 2017.
             Was an Elder of Trog.
             Mangled by zero's illusion (15 damage)
             ... woven by Mara
             ... on level 5 of the Vaults.
             The game lasted 01:01:43 (54939 turns).

zero the Impregnable (Gargoyle Berserker)          Turns: 54939, Time: 01:01:43

Health: -8/168     AC: 53    Str: 36    XL:     24   Next: 49%
Magic:  1/10       EV: 11    Int: 11    God:    Trog [****..]
Gold:   3904       SH: 30    Dex:  9    Spells: 23/23 levels left

rFire    + + .     SeeInvis +   A - +9 broad axe (antimagic)
rCold    + + .     Gourm    .   O - +0 large shield
rNeg     + + .     Faith    .   C - +0 gold dragon scales
rPois    ∞         Spirit   .   (helmet restricted)
rElec    +         Reflect  +   m - +2 cloak
rCorr    +         Harm     .   a - +3 pair of gauntlets of War {Slay+5}
MR       +....                  x - +2 pair of boots
Stlth    ..........             u - +4 amulet of reflection
HPRegen  0.38/turn              z - ring of Isiul {rN+ MP+9 Str+6 Stlth+}
MPRegen  0.12/turn              b - ring of see invisible

@: resistant, corroded, flying
A: big wings, horns 1, yellow scales 1, negative energy resistance 1,
electricity resistance, unbreathing, petrification resistance, rot immunity, AC
+18
}: 2/15 runes: decaying, serpentine
a: Stop Flying, Berserk, Trog's Hand, Brothers in Arms, Burn Spellbooks,
Renounce Religion


You were on level 5 of the Vaults.
You worshipped Trog.
Trog was greatly pleased with you.
You were near starving.

You visited 8 branches of the dungeon, and saw 42 of its levels.

You collected 7342 gold pieces.
You spent 3438 gold pieces at shops.


Innate Abilities, Weirdness & Mutations

You are resistant to torment.
Your stone body is resilient. (AC +18)
You are immune to poison.
Your large and strong wings let you fly indefinitely.
You resist negative energy. (rN+)
You are resistant to electric shocks. (rElec)
You can survive without breathing.
You are immune to petrification.
You are immune to rotting.
You have a pair of small horns on your head.
You are partially covered in yellow scales. (AC +2)


   Skills:
 - Level 22.0 Fighting
 - Level 18.0 Axes
 + Level 22.0 Armour
 - Level 8.3 Dodging
 - Level 22.0 Shields


You had 23 spell levels left.
You didn't know any spells.

Inventory:

Hand Weapons
 A - a +9 antimagic broad axe (weapon)
Armour
 a - the +3 pair of gauntlets of War (worn) {Slay+5}
   (You acquired it on level 8 of the Dungeon)

   It affects your accuracy and damage with ranged weapons and melee attacks
   (+5).
 g - a +5 plate armour
 m - a +2 cloak (worn)
 x - a +2 pair of boots (worn)
 B - +0 fire dragon scales
 C - +0 gold dragon scales (worn)
 H - +0 acid dragon scales
 O - a +0 large shield (worn)
Jewellery
 b - a ring of see invisible (right hand)
 n - an uncursed ring of ice
 p - an uncursed ring of ice
 u - a +4 amulet of reflection (around neck)
 z - the ring of Isiul (left hand) {rN+ MP+9 Str+6 Stlth+}
   (You found it on level 1 of the Vaults)

   [ring of magical power]

   It affects your strength (+6).
   It protects you from negative energy.
   It affects your magic capacity (+9).
   It makes you more stealthy.
 F - an uncursed ring of protection from fire
 G - an uncursed ring of resist corrosion
 J - an uncursed ring of resist corrosion
 M - an uncursed ring of protection from fire
 Y - a +3 ring of evasion
Wands
 y - a wand of digging (21/24)
Scrolls
 h - 3 scrolls of recharging
 i - a scroll of enchant weapon
 r - 7 scrolls of blinking
 t - 11 scrolls of remove curse
 w - 22 scrolls of identify
 E - 2 scrolls of fog
Potions
 f - 10 potions of haste
 j - 4 potions of mutation
 l - 3 potions of resistance
 o - 18 potions of curing
 q - 2 potions of cancellation
 I - 3 potions of might
Comestibles
 c - 4 royal jellies
 d - 37 bread rations
 e - 20 meat rations
 k - 19 chunks of flesh
 v - 9 fruits

Dungeon Overview and Level Annotations

Branches:
Dungeon (15/15)            Temple (1/1) D:5            Lair (6/6) D:10
  Swamp (4/4) Lair:4        Snake (4/4) Lair:2        Slime (0/5) Lair:6
    Orc (2/2) D:9             Elf (0/3) Orc:2        Vaults (5/5) D:14
  Crypt (0/3) Vaults:3     Depths (5/5) D:15            Zot (0/5) Depths:5

Altars:
Ashenzari
Dithmenos
Elyvilon
Fedhas
Gozag
Kikubaaqudgha
Nemelex Xobeh
Trog
Vehumet
Xom
Yredelemnul
Zin
The Shining One
Beogh

Shops:
D:4 :   D:5 =   D:8 (   D:9 [   D:13 [   D:14 (   D:15 *   Orc:2 *%?=
Snake:1 ?   Snake:3 =}=   Vaults:2 [   Vaults:4 [   Depths:1 *   Depths:2 [
Depths:3 (([

Portals:
Hell: Depths:1 Depths:2 Depths:3 Depths:4 Depths:5
Abyss: Depths:3 Depths:4
Pandemonium: Depths:1 Depths:3
Ziggurat: Depths:3

Annotations:
D:5 1 runed door
Lair:6 1 runed door
Vaults:5 Mara


Message History

You headbutt zero's illusion, but do no damage.
Zero's illusion is lightly damaged.
Zero's illusion hits you.
Your black bear bites Mara!
Your black bear closely misses Mara.
Your black bear claws Mara but does no damage.
Mara hits you but does no damage.
The hell knight hits you but does no damage.
Mara hits you from afar with a demon trident of venom.
You barely miss zero's illusion.
You headbutt zero's illusion, but do no damage.
Zero's illusion is lightly damaged.
Your black bear barely misses Mara.
Your black bear claws Mara.
Your black bear completely misses Mara.
Zero's illusion hits you but does no damage.
Your gold dragon scales prevents you from hitting zero's illusion.
You headbutt zero's illusion, but do no damage.
Zero's illusion is lightly damaged.
Your black bear closely misses Mara.
Your black bear claws Mara but does no damage. x2
Mara gestures at you. Pain shoots through your body!
You block the hell knight's attack. Mara barely misses you.
Zero's illusion hits you!
You die...

#....# #....#
...( . #....#
.... . #....#
..(.. #.#....#
#.(...
##.#....##...).
##.......#pR¤#
......).)))D#
##......)@)#####
......<<[@)......
..(..<.Rh).......
......<<.........
.................
###.(........####
..............
#.#.#.....R.....
....#...........


You could see 3 Maras, an iron dragon, a hell knight, zero's illusion and a
friendly black bear (berserk).

Vanquished Creatures
  A juggernaut (Depths:5)
  Sojobo (Vaults:4)
  Margery (Vaults:5)
  Saint Roka (Depths:3)
  Bai Suzhen (Swamp:3)
  4 caustic shrikes (Depths:5)
  3 golden dragons
  Nikola (Swamp:1)
  A lich (Depths:1)
  A tentacled monstrosity (Swamp:4)
  A quicksilver dragon (Depths:4)
  2 titans (Depths:4)
  An ancient champion (Vaults:3)
  3 sphinxes
  Kirke (D:15)
  2 thorn hunters
  4 tengu reavers
  2 shadow dragons
  2 storm dragons
  A draconian monk (Depths:5)
  Donald (Vaults:4)
  8 fire giants
  5 nagarajas
  7 frost giants
  A deep elf sorcerer (Vaults:4)
  2 iron dragons (Depths:4)
  13 vault wardens
  Aizul (Snake:2)
  An emperor scorpion (shapeshifter) (Depths:4)
  A balrug (Depths:4)
  9 ironheart preservers
  A draconian stormcaller (Depths:5)
  A deep elf elementalist (Depths:4)
  22 stone giants
  A juggernaut skeleton (Depths:1)
  An entropy weaver (Vaults:5)
  14 very ugly things
  4 vampire knights
  The ghost of anything the Sniper, a journeyman KoHu of Hepliaklqana (D:15)
  2 yellow draconians (Depths:5)
  A deep elf annihilator (Vaults:5)
  3 spark wasps
  A white draconian (Depths:5)
  2 merfolk javelineers
  2 green deaths (Swamp:4)
  11 ettins
  17 yaktaur captains
  Josephine (Lair:6)
  A deep elf high priest (Depths:4)
  7 fire dragons
  3 jiangshi (Depths:4)
  5 great orbs of eyes
  20 naga warriors
  6 rakshasas
  14 hydras
  A caustic shrike simulacrum (Depths:1)
  9 ice dragons
  A monstrous demonspawn (Depths:3)
  32 vault guards
  A spriggan air mage (Depths:4)
  4 alligators
  23 anacondas
  32 two-headed ogres
  2 death knights
  6 deep troll shamans
  10 ogre magi
  13 centaur warriors
  3 tengu warriors
  10 deep troll earth magi
  5 orc high priests (Orc:2)
  A thrashing horror (Swamp:4)
  10 shock serpents
  A vampire mage (Depths:4)
  4 hell knights
  3 spriggan berserkers
  12 naga sharpshooters
  2 sun demons (Depths:4)
  5 deep elf knights
  2 skeletal warriors
  7 salamander mystics
  3 flayed ghosts
  A gelid demonspawn (Depths:3)
  An iron troll (Depths:3)
  5 unseen horrors
  A shadow demon (Depths:3)
  5 naga ritualists
  4 sea snakes (Snake:3)
  11 swamp dragons
  5 glowing orange brains
  18 deep trolls
  2 spriggan druids (Swamp:4)
  A glowing orange brain (shapeshifter) (Vaults:2)
  2 shambling mangroves
  An orange crystal statue (Depths:5)
  5 wizards
  6 deep elf archers
  21 ironbrand convokers
  5 necromancers
  5 phantasmal warriors
  6 lindwurms
  16 orc knights
  A tengu zombie (Depths:1)
  8 harpies
  47 ugly things
  19 mana vipers
  3 cyclopes
  3 orc sorcerers
  3 wolf spiders
  3 manticores
  17 deep elf magi
  A faun (Lair:4)
  4 salamanders
  A moth of wrath (shapeshifter) (D:15)
  An elephant (shapeshifter) (Depths:4)
  A fire giant skeleton (Depths:1)
  11 guardian serpents
  32 black mambas
  5 torpor snails (Lair:6)
  A black mamba (shapeshifter) (Depths:1)
  A rust devil (Depths:2)
  A water nymph (shapeshifter) (Depths:2)
  A stone giant skeleton (Vaults:4)
  6 elephants (Lair:6)
  3 spiny frogs (shapeshifter)
  The ghost of anything the Quickloader, a novice KoHu of Vehumet (D:4)
  19 spiny frogs
  15 vault sentinels
  28 naga magi
  5 centaur skeletons
  5 orange demons
  2 rime drakes (shapeshifter)
  2 gargoyles (D:14)
  A yaktaur zombie (Vaults:4)
  7 freezing wraiths
  44 yaktaurs
  A yaktaur (shapeshifter) (D:14)
  An entropy weaver simulacrum (Vaults:1)
  2 redback zombies (D:15)
  A rime drake (Lair:6)
  4 komodo dragons
  2 tengu conjurers
  A polar bear (shapeshifter) (Depths:1)
  An ice devil (Depths:3)
  2 large abominations (Swamp:4)
  19 hornets
  9 trolls
  A wind drake (shapeshifter) (Depths:3)
  2 meliai (shapeshifter)
  2 meliai (D:15)
  A hornet (shapeshifter) (Vaults:4)
  A polar bear (Lair:3)
  Prince Ribbit (D:5)
  2 blink frogs (shapeshifter)
  12 tyrant leeches
  2 hippogriffs (shapeshifter) (Depths:1)
  A frost giant simulacrum (Vaults:4)
  8 hippogriffs
  4 blink frogs
  8 bog bodies
  6 dream sheep (Lair:5)
  47 slime creatures
  2 shadows
  2 air elementals (Depths:4)
  3 vampires
  Sigmund (D:3)
  7 spriggans
  A tarantella (Vaults:5)
  A tarantella (shapeshifter) (Vaults:2)
  11 wraiths
  5 water elementals
  38 yaks
  9 hogs
  Grum (D:9)
  A small abomination (Swamp:4)
  2 basilisks
  A human (D:7)
  4 hungry ghosts
  2 golden eyes (shapeshifter) (Vaults:3)
  23 vampire mosquitoes
  20 swamp worms
  A human zombie (Depths:1)
  49 nagas
  Menkaure (D:7)
  4 insubstantial wisps (Swamp:4)
  A harpy simulacrum (Vaults:1)
  7 wargs
  10 water moccasins
  3 acid dragons
  A floating eye (shapeshifter) (Vaults:4)
  11 porcupines
  42 orc warriors
  7 swamp drakes
  2 black bears
  3 sky beasts
  25 ogres
  3 ice beasts
  2 phantoms
  33 wolves
  8 boggarts
  2 eyes of draining
  5 crocodiles
  7 centaurs
  A big kobold (shapeshifter) (Vaults:2)
  2 big kobolds
  2 wyvern zombies
  18 bullfrogs
  A glowing shapeshifter simulacrum (Vaults:2)
  A wyvern skeleton (D:9)
  A hornet simulacrum (D:14)
  A scorpion (shapeshifter) (Vaults:2)
  2 scorpions
  12 killer bees
  4 wights
  The ghost of Oozefury the Insei, a weakling MfTm (D:3)
  8 howler monkeys
  2 electric eels (Snake:3)
  A yaktaur simulacrum (Vaults:1)
  10 crimson imps
  7 jellies
  3 bullfrog skeletons
  3 quasits
  4 centaur zombies
  4 hounds
  A human simulacrum (Vaults:1)
  3 iron imps
  38 orc wizards
  27 orc priests
  4 iguanas
  16 worker ants
  2 worker ant zombies
  Robin (D:3)
  14 adders
  5 shadow imps
  16 white imps
  2 oozes
  An adder skeleton (D:9)
  4 worms
  7 leopard geckos
  119 orcs
  5 giant cockroaches
  2 gnoll zombies (D:6)
  13 goblins
  8 hobgoblins
  18 jackals
  5 quokkas
  2 ball pythons (D:2)
  A ball python zombie (D:5)
  6 bats
  4 frilled lizards
  A jackal zombie (D:2)
  14 kobolds
  10 rats
  2 crawling corpses (Depths:4)
  7 fungi
  14 plants
1811 creatures vanquished.

Vanquished Creatures (collateral kills)
  An iron dragon (Depths:5)
  A ghoul (Vaults:2)
  2 very ugly things (Depths:5)
  2 red draconians (Depths:5)
  2 white draconians (Depths:5)
  An ettin (Depths:5)
  Snorg (D:14)
  A fire dragon (Depths:5)
  3 hydras
  A death knight (Vaults:2)
  An iron troll (Depths:1)
  A deep elf knight (Vaults:2)
  An elephant (Lair:6)
  3 vault sentinels
  2 black mambas
  A guardian serpent (Snake:4)
  A centaur zombie (D:14)
  A komodo dragon (Lair:6)
  2 yaktaurs (Vaults:2)
  A meliai (D:15)
  4 orc warriors (Orc:2)
  2 ogres (Vaults:2)
  3 boggarts
  A bullfrog zombie (D:12)
  An orc wizard (Orc:2)
  3 orc priests (Orc:2)
  An orc (Orc:2)
44 creatures vanquished.

Vanquished Creatures (others)
  A fire giant (Vaults:4)
  A stone giant (Vaults:3)
  A yaktaur captain (Vaults:2)
  A two-headed ogre (Vaults:2)
  2 centaur warriors
  A naga sharpshooter (Snake:1)
  A deep elf archer (Vaults:1)
  A wizard (Depths:4)
  A cyclops (Vaults:2)
  5 yaktaurs
  An ogre (Vaults:4)
  5 briar patches
  28 fungi
  18 plants
67 creatures vanquished.

Grand Total: 1922 creatures vanquished

Notes
Turn   | Place    | Note
-------+----------+-------------------------------------------
     0 | D:1      | zero the Gargoyle Berserker began the quest for the Orb.
     0 | D:1      | Reached XP level 1. HP: 14/14 MP: 1/1
     0 | D:1      | 0 ||| counter = 13
   128 | D:1      | Reached skill level 3 in Axes
   173 | D:1      | Reached XP level 2. HP: 12/19 MP: 2/2
   425 | D:1      | 425 ||| INVOKING Berserk.
   884 | D:1      | 884 ||| EATING 4 fruits.
   928 | D:1      | Reached XP level 3. HP: 23/23 MP: 3/3
  1045 | D:1      | 1045 ||| UPGRADING to cloak.
  1050 | D:1      | 1050 ||| UPGRADING to ring mail.
  1060 | D:1      | 1060 ||| DROPPING +0 animal skin.
  1061 | D:1      | 1061 ||| READING scroll labeled QYMISO LOTU.
  1062 | D:1      | 1062 ||| READING scroll labeled PAMEOCEERR.
  1063 | D:1      | 1063 ||| READING scroll labeled WEZAOR FAPRIWO.
  1064 | D:1      | 1064 ||| DRINKING 2 puce potions.
  1091 | D:2      | 1091 ||| STAIRDANCE
  1104 | D:2      | 1104 ||| STAIRDANCE
  1336 | D:2      | 1336 ||| INVOKING Berserk.
  1392 | D:2      | Found an ancient bone altar of Kikubaaqudgha.
  1445 | D:2      | 1445 ||| DROPPING club.
  1457 | D:2      | Reached ** piety under Trog
  1457 | D:2      | Reached XP level 4. HP: 28/28 MP: 4/4
  1761 | D:2      | 1761 ||| READING scroll labeled ECA NIBROREMMOFU.
  1843 | D:3      | Noticed Sigmund
  1844 | D:3      | 1844 ||| INVOKING Berserk.
  1851 | D:3      | Killed Sigmund
  1851 | D:3      | Reached skill level 6 in Axes
  1851 | D:3      | Reached XP level 5. HP: 32/32 MP: 5/5
  1851 | D:3      | Reached XP level 6. HP: 37/37 MP: 6/6
  1890 | D:3      | 1890 ||| EATING 3 fruits.
  2193 | D:3      | Found a faded altar of an unknown god.
  2195 | D:3      | Noticed Oozefury's ghost (weakling MfTm)
  2283 | D:3      | Noticed Robin
  2485 | D:3      | Found a blossoming altar of Fedhas.
  2566 | D:3      | 2566 ||| INVOKING Berserk.
  2573 | D:3      | Killed Oozefury's ghost
  2650 | D:3      | Killed Robin
  2761 | D:3      | 2761 ||| UPGRADING to scale mail.
  2771 | D:3      | 2771 ||| DROPPING +0 ring mail.
  2772 | D:3      | 2772 ||| UPGRADING to helmet.
  2778 | D:3      | 2778 ||| READING scroll labeled OFAGHO RUAXAXZIS.
  2779 | D:3      | 2779 ||| DRINKING 2 green potions.
  2780 | D:3      | 2780 ||| READING scroll of identify.
  2780 | D:3      | 2780 ||| IDENTIFYING dented bone amulet
  2781 | D:3      | 2781 ||| UPGRADING to amulet of regeneration.
  2818 | D:4      | Noticed anything's ghost (novice KoHu)
  2825 | D:4      | 2825 ||| INVOKING Berserk.
  2836 | D:4      | Killed anything's ghost
  2836 | D:4      | Reached XP level 7. HP: 43/43 MP: 7/7
  2885 | D:4      | 2885 ||| READING scroll of enchant weapon.
  2885 | D:4      | 2885 ||| ENCHANTING +1 hand axe.
  2896 | D:4      | Got a warped hand axe
  2897 | D:4      | 2897 ||| SWAPPING to warped hand axe.
  2897 | D:4      | Identified the cursed +1 hand axe "Luppae" {flame, rElec Str+4} (You found it on level 4 of the Dungeon)
  2908 | D:4      | 2908 ||| DROPPING whip.
  2909 | D:4      | 2909 ||| DROPPING +2 hand axe.
  2962 | D:4      | Found Taarrath's Book Shoppe.
  3505 | D:4      | 3505 ||| UPGRADING to dyed leather armour.
  3515 | D:4      | 3515 ||| READING scroll labeled MOERE MIEKH.
  3516 | D:4      | 3516 ||| UPGRADING to +0 scale mail.
  3526 | D:4      | 3526 ||| DROPPING +0 leather armour.
  3527 | D:4      | 3527 ||| UPGRADING to glowing leather armour.
  3537 | D:4      | 3537 ||| READING scroll labeled ETIGETEFUD.
  3538 | D:4      | 3538 ||| READING scroll labeled VUFAMOI OKOTUR.
  3539 | D:4      | 3539 ||| DRINKING 2 smoky inky potions.
  3540 | D:4      | 3540 ||| DRINKING 2 viscous blue potions.
  3541 | D:4      | 3541 ||| DRINKING 2 murky cyan potions.
  3542 | D:4      | 3542 ||| DROPPING potion of magic.
  3543 | D:4      | 3543 ||| DROPPING potion of brilliance.
  3544 | D:4      | 3544 ||| DROPPING potion of degeneration.
  3552 | D:5      | Entered Level 5 of the Dungeon
  3564 | D:5      | 3564 ||| INVOKING Berserk.
  3578 | D:5      | Reached *** piety under Trog
  3650 | D:5      | 3650 ||| INVOKING Berserk.
  3662 | D:5      | Reached XP level 8. HP: 49/49 MP: 8/8
  3730 | D:5      | 3730 ||| INVOKING Berserk.
  3783 | D:5      | 3783 ||| READING scroll of enchant armour.
  3783 | D:5      | 3783 ||| ENCHANTING +0 helmet.
  3904 | D:5      | Found a runed door.
  4190 | D:5      | 4190 ||| INVOKING Berserk.
  4194 | D:5      | Reached skill level 6 in Fighting
  4390 | D:5      | Found a staircase to the Ecumenical Temple.
  4457 | D:5      | Noticed Prince Ribbit
  4460 | D:5      | 4460 ||| INVOKING Berserk.
  4470 | D:5      | Killed Prince Ribbit
  4470 | D:5      | Reached skill level 9 in Axes
  4542 | D:5      | 4542 ||| INVOKING Berserk.
  4596 | D:5      | 4596 ||| SWAPPING to war axe.
  4668 | D:5      | Found Hurghuigh's Jewellery Shoppe.
  4678 | D:5      | Bought a +3 ring of strength for 188 gold pieces
  4678 | D:5      | 4678 ||| SHOPLISTING ring of Interdependent Arising {rCorr Dex+3} (399 gold, have 80).
  4678 | D:5      | 4678 ||| SHOPLISTING ring of resist corrosion (240 gold, have 80).
  4694 | D:5      | 4694 ||| INVOKING Berserk.
  4695 | D:5      | Reached XP level 9. HP: 56/56 MP: 9/9
  4857 | D:5      | 4857 ||| INVOKING Berserk.
  5120 | D:5      | 5120 ||| SWAPPING to uncursed broad axe.
  5121 | D:5      | 5121 ||| DROPPING +0 war axe.
  5242 | D:5      | 5242 ||| UPGRADING to +3 ring of strength.
  5243 | D:5      | 5243 ||| READING scroll labeled UPLAXZ HIMETIL.
  5244 | D:5      | 5244 ||| READING scroll labeled WEFOUMYOD.
  5347 | D:5      | 5347 ||| DRINKING 2 bubbling cyan potions.
  5369 | D:5      | 5369 ||| READING scroll of identify.
  5369 | D:5      | 5369 ||| IDENTIFYING marble ring
  5370 | D:5      | 5370 ||| DROPPING potion of lignification.
  5407 | D:6      | 5407 ||| STAIRDANCE
  5612 | D:6      | 5612 ||| INVOKING Berserk.
  5750 | D:6      | 5750 ||| INVOKING Berserk.
  5921 | D:6      | Reached **** piety under Trog
  5996 | D:6      | Found a basalt altar of Yredelemnul.
  6144 | D:6      | Found a sparkling altar of Nemelex Xobeh.
  6251 | D:6      | 6251 ||| READING scroll of remove curse.
  6387 | D:6      | Noticed a moth of wrath
  6390 | D:6      | Found a bloodstained altar of Trog.
  6395 | D:6      | 6395 ||| INVOKING Berserk.
  6420 | D:6      | 6420 ||| STAIRDANCE
  6478 | D:5      | 6478 ||| UPGRADING to chain mail.
  6488 | D:5      | 6488 ||| DROPPING +0 scale mail.
  6489 | D:5      | 6489 ||| DROPPING +0 leather armour.
  6490 | D:5      | 6490 ||| READING scroll labeled BUNTIZIEFA.
  6491 | D:5      | 6491 ||| DRINKING 2 purple potions.
  6492 | D:5      | 6492 ||| DRINKING 2 pink potions.
  6493 | D:5      | 6493 ||| DROPPING potion of flight.
  6555 | D:6      | 6555 ||| SWAPPING to runed war axe.
  6556 | D:6      | 6556 ||| SWAPPING to +0 broad axe.
  6557 | D:6      | 6557 ||| DROPPING +2 war axe of chopping.
  6935 | D:7      | Reached skill level 3 in Armour
  6943 | D:7      | Noticed Menkaure
  6948 | D:7      | Killed Menkaure
  6991 | D:7      | 6991 ||| INVOKING Berserk.
  7152 | D:7      | Found a radiant altar of Vehumet.
  7155 | D:7      | 7155 ||| INVOKING Berserk.
  7157 | D:7      | 7157 ||| EATING 5 bread rations.
  7163 | D:7      | 7163 ||| EATING meat ration.
  7175 | D:7      | Reached skill level 6 in Armour
  7342 | D:7      | Reached XP level 10. HP: 64/64 MP: 10/10
  7420 | D:7      | Reached skill level 9 in Fighting
  7729 | D:8      | 7729 ||| STAIRDANCE
  7731 | D:7      | 7731 ||| INVOKING Berserk.
  7780 | D:7      | 7780 ||| EATING 8 fruits.
  7790 | D:8      | 7790 ||| STAIRDANCE
  7803 | D:8      | 7803 ||| DRINKING potion of curing.
  7803 | D:8      | 7803 ||| (to cure confusion)
  7916 | D:8      | Reached ***** piety under Trog
  7925 | D:8      | 7925 ||| INVOKING Berserk.
  7992 | D:8      | Found Wuiloqas's Antique Weapon Shop.
  8029 | D:8      | Found a white marble altar of Elyvilon.
  8459 | D:8      | 8459 ||| INVOKING Burn Spellbooks.
  8482 | D:8      | 8482 ||| UPGRADING to plate armour.
  8492 | D:8      | 8492 ||| DROPPING +0 chain mail.
  8493 | D:8      | 8493 ||| READING scroll labeled DOEC OJEAM.
  8493 | D:8      | Identified a scroll of acquirement
  8494 | D:8      | Found the +3 pair of gauntlets of War {Slay+5}
  8495 | D:8      | 8495 ||| UPGRADING to +3 pair of gauntlets of War {Slay+5}.
  8500 | D:8      | 8500 ||| READING scroll labeled BYEDOU XEMN.
  8501 | D:8      | 8501 ||| DRINKING 2 bubbling brown potions.
  8501 | D:8      | Gained mutation: You have a pair of small horns on your head. [potion of mutation]
  8501 | D:8      | Gained mutation: You are partially covered in yellow scales. (AC +2) [potion of mutation]
  8502 | D:8      | 8502 ||| DROPPING +1 helmet.
  8503 | D:8      | 8503 ||| DRINKING 2 brown potions.
  8504 | D:8      | 8504 ||| DROPPING potion of invisibility.
  8575 | D:9      | Noticed a two-headed ogre
  8580 | D:9      | 8580 ||| INVOKING Berserk.
  8588 | D:9      | Killed a two-headed ogre
  8723 | D:9      | Noticed a two-headed ogre
  8728 | D:9      | 8728 ||| INVOKING Berserk.
  8731 | D:9      | Killed a two-headed ogre
  8734 | D:9      | Reached skill level 9 in Armour
  8790 | D:9      | Reached XP level 11. HP: 66/71 MP: 11/11
  8849 | D:9      | Found a shimmering altar of Xom.
  8857 | D:9      | Found a shadowy altar of Dithmenos.
  8860 | D:9      | Found a sparkling altar of Nemelex Xobeh.
  8930 | D:9      | 8930 ||| INVOKING Berserk.
  9106 | D:9      | 9106 ||| INVOKING Berserk.
  9264 | D:9      | Found a staircase to the Orcish Mines.
  9265 | D:9      | Found Cocru's Armour Emporium.
  9277 | D:9      | Received a gift from Trog
  9297 | D:9      | Noticed Grum
  9344 | D:9      | Noticed a two-headed ogre
  9348 | D:9      | 9348 ||| INVOKING Berserk.
  9352 | D:9      | Killed a two-headed ogre
  9352 | D:9      | Reached skill level 12 in Axes
  9637 | D:9      | 9637 ||| INVOKING Berserk.
  9642 | D:9      | 9642 ||| READING scroll of teleportation.
  9711 | D:9      | Bought a +0 pair of boots for 67 gold pieces
  9711 | D:9      | 9711 ||| SHOPLISTING +4 chain mail of magic resistance (472 gold, have 360).
  9711 | D:9      | 9711 ||| SHOPLISTING +4 plate armour of fire resistance (750 gold, have 360).
  9711 | D:9      | 9711 ||| SHOPLISTING +7 plate armour of Forking Paths {+Blink rF- Int+8 Dex-2} (1164 gold, have 360).
  9779 | D:9      | 9779 ||| INVOKING Berserk.
  9788 | D:9      | Killed Grum
  9897 | D:9      | 9897 ||| UPGRADING to +0 pair of boots.
  9902 | D:9      | 9902 ||| READING 5 scrolls of identify.
  9902 | D:9      | 9902 ||| IDENTIFYING fuming orange potion
  9903 | D:9      | 9903 ||| READING 4 scrolls of identify.
  9903 | D:9      | 9903 ||| IDENTIFYING lumpy amethyst potion
  9904 | D:9      | 9904 ||| READING 3 scrolls of identify.
  9904 | D:9      | 9904 ||| IDENTIFYING white potion
  9905 | D:9      | 9905 ||| READING 2 scrolls of identify.
  9905 | D:9      | 9905 ||| IDENTIFYING murky sapphire potion
  9906 | D:9      | 9906 ||| DROPPING potion of berserk rage.
  9907 | D:9      | 9907 ||| DROPPING wand of polymorph (?/24) {zapped: 2}.
  9908 | D:9      | 9908 ||| DROPPING potion of agility.
  9921 | D:10     | Entered Level 10 of the Dungeon
  9923 | D:10     | 9923 ||| STAIRDANCE
  9928 | D:10     | 9928 ||| STAIRDANCE
  9943 | D:10     | 9943 ||| STAIRDANCE
  9953 | D:10     | 9953 ||| STAIRDANCE
  9964 | D:10     | 9964 ||| STAIRDANCE
  9975 | D:10     | 9975 ||| STAIRDANCE
  9977 | D:9      | 9977 ||| INVOKING Berserk.
 10043 | D:10     | 10043 ||| STAIRDANCE
 10080 | D:10     | Found a staircase to the Lair.
 10229 | D:10     | 10229 ||| INVOKING Burn Spellbooks.
 10910 | D:10     | 10910 ||| INVOKING Berserk.
 10940 | D:10     | 10940 ||| EATING 8 fruits.
 11229 | D:10     | 11229 ||| UPGRADING to bone ring.
 11230 | D:10     | 11230 ||| REMOVING ring of magical power.
 11231 | D:10     | 11231 ||| DROPPING ring of magical power.
 11282 | D:10     | 11282 ||| UPGRADING to steel ring.
 11283 | D:10     | 11283 ||| REMOVING ring of flight.
 11284 | D:10     | 11284 ||| DROPPING ring of flight.
 11313 | Lair:1   | Entered Level 1 of the Lair of Beasts
 11314 | Lair:1   | 11314 ||| Entered L.
 11653 | Lair:1   | Found a dark tunnel.
 11931 | Lair:1   | 11931 ||| INVOKING Berserk.
 11933 | Lair:1   | Reached XP level 12. HP: 77/77 MP: 12/12
 12295 | Lair:1   | 12295 ||| READING scroll labeled GOEJAA XIAHOBUW.
 12431 | Lair:2   | Found a staircase to the Snake Pit.
 12436 | Lair:2   | 12436 ||| Stepping ~*~*~tactically~*~*~ (water).
 12438 | Lair:2   | 12438 ||| Stepping ~*~*~tactically~*~*~ (water).
 12732 | Lair:2   | Noticed a six-headed hydra
 12733 | Lair:2   | 12733 ||| INVOKING Brothers in Arms.
 12735 | Lair:2   | 12735 ||| SWAPPING to +1 hand axe "Luppae" {flame, rElec Str+4}.
 12737 | Lair:2   | 12737 ||| INVOKING Berserk.
 12742 | Lair:2   | Killed a two-headed hydra
 12742 | Lair:2   | Reached skill level 3 in Dodging
 12746 | Lair:2   | 12746 ||| SWAPPING to +0 broad axe.
 12768 | Lair:2   | 12768 ||| EATING 7 fruits.
 13158 | Lair:2   | Received a gift from Trog
 13822 | Lair:3   | Noticed an eight-headed hydra
 13823 | Lair:3   | 13823 ||| INVOKING Brothers in Arms.
 13825 | Lair:3   | 13825 ||| SWAPPING to +1 hand axe "Luppae" {flame, rElec Str+4}.
 13826 | Lair:3   | Killed an eight-headed hydra
 13827 | Lair:3   | 13827 ||| SWAPPING to +0 broad axe.
 13849 | Lair:3   | Noticed a six-headed hydra
 13852 | Lair:3   | 13852 ||| SWAPPING to +1 hand axe "Luppae" {flame, rElec Str+4}.
 13853 | Lair:3   | 13853 ||| INVOKING Berserk.
 13855 | Lair:3   | Killed a four-headed hydra
 13860 | Lair:3   | 13860 ||| SWAPPING to +0 broad axe.
 13980 | Lair:3   | 13980 ||| INVOKING Berserk.
 14418 | Lair:4   | 14418 ||| EATING 6 fruits.
 14917 | Lair:4   | 14917 ||| INVOKING Berserk.
 14924 | Lair:4   | Reached XP level 13. HP: 59/84 MP: 13/13
 14930 | Lair:4   | 14930 ||| EATING 5 fruits.
 14969 | Lair:4   | 14969 ||| STAIRDANCE
 14987 | Lair:3   | 14987 ||| UPGRADING to large shield.
 14992 | Lair:3   | 14992 ||| READING scroll labeled JONAR IL COUPP.
 14998 | Lair:4   | Reached skill level 1 in Shields
 14999 | Lair:4   | 14999 ||| STAIRDANCE
 15019 | Lair:3   | 15019 ||| EATING 4 fruits.
 15112 | Lair:4   | 15112 ||| INVOKING Brothers in Arms.
 15114 | Lair:4   | 15114 ||| SWAPPING to +1 hand axe "Luppae" {flame, rElec Str+4}.
 15116 | Lair:4   | 15116 ||| INVOKING Berserk.
 15120 | Lair:4   | Reached skill level 3 in Shields
 15126 | Lair:4   | 15126 ||| SWAPPING to +0 broad axe.
 15223 | Lair:4   | Found a staircase to the Swamp.
 15563 | Lair:4   | 15563 ||| Stepping ~*~*~tactically~*~*~ (water).
 15564 | Lair:4   | 15564 ||| INVOKING Berserk.
 15865 | Lair:5   | 15865 ||| READING scroll of enchant armour.
 15865 | Lair:5   | 15865 ||| ENCHANTING +0 pair of boots.
 16402 | Lair:5   | 16402 ||| UPGRADING to notched coral ring.
 16420 | Lair:6   | Entered Level 6 of the Lair of Beasts
 16421 | Lair:6   | 16421 ||| STAIRDANCE
 16439 | Lair:5   | Reached skill level 6 in Shields
 16461 | Lair:6   | 16461 ||| STAIRDANCE
 16472 | Lair:6   | 16472 ||| STAIRDANCE
 16532 | Lair:6   | 16532 ||| INVOKING Brothers in Arms.
 16534 | Lair:6   | 16534 ||| SWAPPING to +1 hand axe "Luppae" {flame, rElec Str+4}.
 16536 | Lair:6   | 16536 ||| INVOKING Berserk.
 16543 | Lair:6   | Found a staircase to the Slime Pits.
 16555 | Lair:6   | 16555 ||| SWAPPING to +0 broad axe.
 16745 | Lair:6   | Found a runed door.
 16880 | Lair:6   | Reached skill level 9 in Shields
 16894 | Lair:6   | 16894 ||| INVOKING Berserk.
 17037 | Lair:6   | 17037 ||| EATING 32 fruits.
 17115 | Lair:6   | 17115 ||| EATING 32 fruits.
 17228 | Lair:6   | Noticed Josephine
 17234 | Lair:6   | Killed Josephine
 17608 | Lair:6   | 17608 ||| UPGRADING to ring of evasion.
 17610 | Lair:6   | 17610 ||| DROPPING +3 ring of strength.
 17849 | D:11     | Found a glowing silver altar of Zin.
 17962 | D:11     | Gained mutation: Your large and strong wings let you fly indefinitely. [Gargoyle growth]
 17962 | D:11     | Reached XP level 14. HP: 85/90 MP: 14/14
 17970 | D:11     | 17970 ||| EATING 31 fruits.
 17971 | D:11     | 17971 ||| INVOKING Fly.
 17971 | D:11     | 17971 ||| FLYING.
 17976 | D:11     | 17976 ||| READING scroll of enchant armour.
 17976 | D:11     | 17976 ||| ENCHANTING +1 pair of boots.
 18033 | D:11     | Found a roughly hewn altar of Beogh.
 18052 | D:11     | Received a gift from Trog
 18544 | D:11     | 18544 ||| UPGRADING to glowing plate armour.
 18554 | D:11     | 18554 ||| DROPPING +0 plate armour.
 18555 | D:11     | 18555 ||| UPGRADING to thin jade amulet.
 18557 | D:11     | 18557 ||| UPGRADING to glowing moonstone ring.
 18559 | D:11     | 18559 ||| REMOVING +5 ring of intelligence.
 18560 | D:11     | 18560 ||| DROPPING +5 ring of intelligence.
 18561 | D:11     | 18561 ||| UPGRADING to +2 ring of evasion.
 18562 | D:11     | 18562 ||| READING scroll labeled LUDIUN NAXE.
 18563 | D:11     | 18563 ||| READING 6 scrolls of identify.
 18563 | D:11     | 18563 ||| IDENTIFYING inky potion
 18564 | D:11     | 18564 ||| DROPPING potion of ambrosia.
 18662 | D:12     | Reached skill level 15 in Axes
 18700 | D:12     | 18700 ||| EATING 34 fruits.
 18914 | D:12     | 18914 ||| INVOKING Brothers in Arms.
 18915 | D:12     | 18915 ||| SWAPPING to +1 hand axe "Luppae" {flame, rElec Str+4}.
 18917 | D:12     | 18917 ||| INVOKING Berserk.
 18923 | D:12     | 18923 ||| SWAPPING to +0 broad axe.
 19054 | D:12     | 19054 ||| EATING 33 fruits.
 19135 | D:12     | Reached skill level 12 in Fighting
 19905 | D:12     | Received a gift from Trog
 19906 | D:12     | Reached ****** piety under Trog
 19967 | D:12     | 19967 ||| UPGRADING to blackened copper amulet.
 19969 | D:12     | 19969 ||| DROPPING amulet of regeneration.
 19970 | D:12     | 19970 ||| DROPPING amulet of guardian spirit.
 20071 | D:13     | 20071 ||| STAIRDANCE
 20355 | D:13     | 20355 ||| INVOKING Trog's Hand.
 20362 | D:13     | Received a gift from Trog
 20362 | D:13     | Reached skill level 12 in Shields
 20366 | D:13     | 20366 ||| SWAPPING to glowing broad axe {god gift}.
 20367 | D:13     | 20367 ||| DROPPING +0 broad axe.
 20437 | D:13     | Found Orasap's Armour Shoppe.
 20441 | D:13     | 20441 ||| SHOPLISTING +0 pearl dragon scales (1500 gold, have 1209).
 20878 | D:13     | 20878 ||| UPGRADING to runed plate armour.
 20888 | D:13     | 20888 ||| UPGRADING to +1 plate armour of cold resistance.
 20898 | D:13     | 20898 ||| DROPPING +0 plate armour of cold resistance.
 20899 | D:13     | 20899 ||| UPGRADING to ring of evasion.
 20901 | D:13     | 20901 ||| UPGRADING to diamond ring.
 20903 | D:13     | 20903 ||| READING 8 scrolls of remove curse.
 20904 | D:13     | 20904 ||| REMOVING ring of teleportation.
 20905 | D:13     | 20905 ||| UPGRADING to +2 ring of evasion.
 20906 | D:13     | 20906 ||| DROPPING ring of teleportation.
 20907 | D:13     | 20907 ||| DROPPING +2 ring of evasion.
 20971 | D:14     | Noticed Snorg
 20971 | D:14     | 20971 ||| INVOKING Brothers in Arms.
 20972 | D:14     | 20972 ||| INVOKING Brothers in Arms.
 20979 | D:14     | Killed Snorg
 20980 | D:14     | 20980 ||| EATING 32 fruits.
 21057 | D:14     | 21057 ||| INVOKING Berserk.
 21081 | D:14     | 21081 ||| INVOKING Trog's Hand.
 21082 | D:14     | 21082 ||| EATING 6 meat rations.
 21083 | D:14     | 21083 ||| READING 5 scrolls of teleportation.
 21085 | D:14     | Found Kiseniu's Weapon Emporium.
 21136 | D:14     | 21136 ||| INVOKING Trog's Hand.
 21137 | D:14     | 21137 ||| INVOKING Berserk.
 21139 | D:14     | Reached skill level 12 in Armour
 21292 | D:14     | 21292 ||| INVOKING Berserk.
 21320 | D:14     | 21320 ||| READING 4 scrolls of teleportation.
 21322 | D:14     | 21322 ||| READING 3 scrolls of teleportation.
 21325 | D:14     | Reached XP level 15. HP: 44/96 MP: 5/15
 21554 | D:14     | Received a gift from Trog
 21628 | D:14     | Found a gate to the Vaults.
 22249 | D:14     | 22249 ||| UPGRADING to cabochon ring.
 22251 | D:14     | 22251 ||| REMOVING ring of stealth.
 22252 | D:14     | 22252 ||| EATING 35 fruits.
 22253 | D:14     | 22253 ||| DROPPING ring of stealth.
 22254 | D:14     | 22254 ||| UPGRADING to +2 ring of evasion.
 22255 | D:14     | 22255 ||| READING scroll labeled HUDAFE ATHEOGH.
 22256 | D:14     | 22256 ||| DROPPING 7 tomahawks.
 22269 | D:15     | Entered Level 15 of the Dungeon
 22271 | D:15     | 22271 ||| STAIRDANCE
 22278 | D:15     | 22278 ||| STAIRDANCE
 22303 | D:15     | Noticed anything's ghost (journeyman KoHu)
 22308 | D:15     | Noticed Kirke
 22309 | D:15     | 22309 ||| INVOKING Trog's Hand.
 22310 | D:15     | 22310 ||| INVOKING Brothers in Arms.
 22318 | D:15     | 22318 ||| READING 2 scrolls of teleportation.
 22390 | D:15     | 22390 ||| EATING 34 fruits.
 22450 | D:15     | Found Kiwakhlalyt's Assorted Antiques.
 22463 | D:15     | 22463 ||| INVOKING Brothers in Arms.
 22465 | D:15     | 22465 ||| INVOKING Berserk.
 22477 | D:15     | Killed anything's ghost
 22638 | D:15     | 22638 ||| INVOKING Burn Spellbooks.
 22783 | D:15     | Bought a scroll of identify for 58 gold pieces
 23036 | D:15     | Found a staircase to the Depths.
 23036 | D:15     | Noticed a frost giant
 23043 | D:15     | Killed a frost giant
 23147 | D:15     | 23147 ||| INVOKING Trog's Hand.
 23154 | D:15     | Killed Kirke
 23192 | D:15     | 23192 ||| STAIRDANCE
 23274 | D:14     | 23274 ||| UPGRADING to shiny chain mail.
 23284 | D:14     | 23284 ||| UPGRADING to +1 plate armour of cold resistance.
 23294 | D:14     | 23294 ||| DROPPING +2 chain mail of magic resistance.
 23295 | D:14     | 23295 ||| READING scroll labeled KIURGH YTIT.
 23374 | D:14     | 23374 ||| READING scroll labeled BIUWONILOAS.
 23763 | Orc:1    | Entered Level 1 of the Orcish Mines
 23764 | Orc:1    | 23764 ||| Entered O.
 23768 | Orc:1    | 23768 ||| STAIRDANCE
 23773 | Orc:1    | 23773 ||| STAIRDANCE
 23780 | Orc:1    | 23780 ||| INVOKING Trog's Hand.
 23789 | Orc:1    | 23789 ||| READING scroll of teleportation.
 23807 | Orc:1    | You are sucked into a shaft!
 23807 | Orc:2    | Entered Level 2 of the Orcish Mines
 23808 | Orc:2    | 23808 ||| Shafted from Orc:1 to Orc:2.
 23818 | Orc:2    | Received a gift from Trog
 23825 | Orc:2    | 23825 ||| DRINKING 11 potions of curing.
 23825 | Orc:2    | 23825 ||| (to cure confusion)
 23863 | Orc:1    | 23863 ||| Successfully unshafted to Orc:1.
 24351 | Orc:2    | Found a staircase to the Elven Halls.
 24430 | Orc:2    | 24430 ||| INVOKING Berserk.
 24478 | Orc:2    | 24478 ||| INVOKING Brothers in Arms.
 24479 | Orc:2    | 24479 ||| INVOKING Berserk.
 24558 | Orc:2    | 24558 ||| STAIRDANCE
 24567 | Orc:1    | 24567 ||| STAIRDANCE
 24788 | Temple   | Entered the Ecumenical Temple
 24789 | Temple   | 24789 ||| Entered T.
 24893 | D:9      | 24893 ||| EATING 33 fruits.
 25144 | Orc:2    | 25144 ||| INVOKING Berserk.
 25160 | Orc:2    | 25160 ||| INVOKING Brothers in Arms.
 25162 | Orc:2    | 25162 ||| INVOKING Trog's Hand.
 25164 | Orc:2    | 25164 ||| INVOKING Brothers in Arms.
 25165 | Orc:2    | 25165 ||| INVOKING Brothers in Arms.
 25165 | Orc:2    | HP: 23/98 [burnt (4)]
 25166 | Orc:2    | 25166 ||| EATING 5 meat rations.
 25166 | Orc:2    | HP: 7/98 [burnt (7)]
 25166 | Orc:2    | HP: 2/98 [orc high priest/divine providence (7)]
 25167 | Orc:2    | 25167 ||| DRINKING 4 potions of heal wounds.
 25168 | Orc:2    | 25168 ||| DRINKING 3 potions of heal wounds.
 25169 | Orc:2    | 25169 ||| DRINKING 2 potions of heal wounds.
 25175 | Orc:2    | HP: 23/98 [orc priest/divine providence (15)]
 25176 | Orc:2    | 25176 ||| DRINKING potion of heal wounds.
 25182 | Orc:2    | 25182 ||| INVOKING Brothers in Arms.
 25555 | Orc:2    | Found Igaqeb's Magic Scroll Shop.
 25555 | Orc:2    | Found Wuppusecs's General Store.
 25556 | Orc:2    | Found Widecw's Food Boutique.
 25559 | Orc:2    | Found Juc Rowo's Jewellery Shop.
 25562 | Orc:2    | Bought a scroll of enchant weapon for 97 gold pieces
 25562 | Orc:2    | Bought 2 scrolls of teleportation for 78 gold pieces
 25562 | Orc:2    | Bought a scroll of enchant armour for 97 gold pieces
 25562 | Orc:2    | Bought a scroll of fog for 26 gold pieces
 25562 | Orc:2    | Bought a scroll of acquirement for 676 gold pieces
 25562 | Orc:2    | Bought a scroll of remove curse for 39 gold pieces
 25562 | Orc:2    | 25562 ||| READING scroll of enchant weapon.
 25562 | Orc:2    | 25562 ||| ENCHANTING +5 antimagic broad axe.
 25563 | Orc:2    | 25563 ||| READING scroll of enchant armour.
 25563 | Orc:2    | 25563 ||| ENCHANTING +0 cloak.
 25564 | Orc:2    | 25564 ||| READING scroll of acquirement.
 25567 | Orc:2    | Bought an uncursed ring of resist corrosion for 300 gold pieces
 25567 | Orc:2    | Bought an uncursed ring of resist corrosion for 300 gold pieces
 25567 | Orc:2    | Bought an uncursed ring of see invisible for 225 gold pieces
 25567 | Orc:2    | Bought an uncursed ring of protection from fire for 375 gold pieces
 25567 | Orc:2    | 25567 ||| SHOPLISTING +4 ring of evasion (540 gold, have 109).
 25567 | Orc:2    | 25567 ||| SHOPLISTING amulet of faith (600 gold, have 109).
 25569 | Orc:2    | Bought a potion of might for 56 gold pieces
 25719 | Orc:2    | 25719 ||| UPGRADING to runed plate armour.
 25729 | Orc:2    | 25729 ||| DROPPING runed chain mail.
 25730 | Orc:2    | 25730 ||| UPGRADING to embroidered scarf.
 25740 | Orc:2    | 25740 ||| UPGRADING to +1 cloak.
 25750 | Orc:2    | 25750 ||| DROPPING scarf of spirit shield.
 25751 | Orc:2    | 25751 ||| UPGRADING to ring of see invisible.
 25890 | D:13     | 25890 ||| EATING 32 fruits.
 25982 | D:13     | 25982 ||| UPGRADING to ring of ice.
 25984 | D:13     | 25984 ||| REMOVING ring of ice.
 25985 | D:13     | 25985 ||| UPGRADING to ring of resist corrosion.
 25986 | D:13     | 25986 ||| UPGRADING to +2 ring of evasion.
 25988 | D:13     | 25988 ||| UPGRADING to ring of see invisible.
 26174 | Lair:1   | 26174 ||| EATING 31 fruits.
 26423 | Snake:1  | Entered Level 1 of the Snake Pit
 26424 | Snake:1  | 26424 ||| Entered P.
 26460 | Snake:1  | 26460 ||| EATING 30 fruits.
 26571 | Snake:1  | Reached XP level 16. HP: 75/104 MP: 5/16
 26799 | Snake:1  | Found Loumneg's Magic Scroll Shoppe.
 26807 | Snake:1  | Bought a scroll of teleportation for 54 gold pieces
 27393 | Snake:1  | 27393 ||| INVOKING Berserk.
 27445 | Snake:1  | 27445 ||| EATING 29 fruits.
 27544 | Snake:1  | 27544 ||| INVOKING Berserk.
 27568 | Snake:1  | 27568 ||| EATING 28 fruits.
 27650 | Snake:1  | 27650 ||| EATING 27 fruits.
 27828 | Snake:1  | 27828 ||| EATING 28 fruits.
 28202 | Snake:1  | 28202 ||| INVOKING Berserk.
 28212 | Snake:1  | 28212 ||| READING 3 scrolls of teleportation.
 28250 | Snake:1  | 28250 ||| EATING 27 fruits.
 28343 | Snake:1  | 28343 ||| INVOKING Berserk.
 28360 | Snake:1  | 28360 ||| EATING 26 fruits.
 28458 | Snake:2  | 28458 ||| EATING 25 fruits.
 28616 | Snake:2  | 28616 ||| INVOKING Burn Spellbooks.
 28896 | Snake:2  | Received a gift from Trog
 29089 | Snake:2  | Noticed a nagaraja
 29092 | Snake:2  | 29092 ||| INVOKING Berserk.
 29099 | Snake:2  | Killed a nagaraja
 29411 | Snake:2  | Noticed Aizul
 29412 | Snake:2  | 29412 ||| INVOKING Trog's Hand.
 29413 | Snake:2  | 29413 ||| INVOKING Brothers in Arms.
 29434 | Snake:2  | Killed Aizul
 29650 | Snake:3  | 29650 ||| INVOKING Berserk.
 29868 | Snake:3  | Reached skill level 18 in Axes
 29868 | Snake:3  | Reached XP level 17. HP: 108/111 MP: 5/17
 29879 | Snake:3  | 29879 ||| INVOKING Berserk.
 29890 | Snake:3  | 29890 ||| EATING 24 fruits.
 30078 | Snake:3  | 30078 ||| EATING 23 fruits.
 30245 | Snake:3  | 30245 ||| EATING 22 fruits.
 30480 | Snake:3  | 30480 ||| EATING 21 fruits.
 30636 | Snake:3  | 30636 ||| READING scroll of enchant weapon.
 30636 | Snake:3  | 30636 ||| ENCHANTING +6 antimagic broad axe.
 30700 | Snake:3  | Found Ranaroc's Jewellery Shoppe.
 30701 | Snake:3  | Found Lieqim's Gadget Shop.
 30702 | Snake:3  | Found Sazicuck's Jewellery Shoppe.
 30708 | Snake:3  | Bought an uncursed ring of protection from fire for 375 gold pieces
 30708 | Snake:3  | 30708 ||| SHOPLISTING amulet of the Saviour {Regen+ SInv} (618 gold, have 11).
 30708 | Snake:3  | 30708 ||| SHOPLISTING amulet of faith (600 gold, have 11).
 30708 | Snake:3  | 30708 ||| SHOPLISTING +4 ring of strength (405 gold, have 11).
 30708 | Snake:3  | 30708 ||| SHOPLISTING ring of see invisible (225 gold, have 11).
 30712 | Snake:3  | 30712 ||| SHOPLISTING amulet of Ebetuogge {Reflect rElec MR+ Int+2 SH+5} (845 gold, have 11).
 30757 | Snake:3  | 30757 ||| EATING 20 fruits.
 30915 | Snake:4  | Entered Level 4 of the Snake Pit
 31012 | Snake:4  | 31012 ||| EATING 19 fruits.
 31306 | Snake:4  | Received a gift from Trog
 31310 | Snake:4  | Reached skill level 15 in Fighting
 31311 | Snake:4  | 31311 ||| INVOKING Berserk.
 31331 | Snake:4  | 31331 ||| EATING 24 fruits.
 31390 | Snake:4  | 31390 ||| SWAPPING to glowing broad axe {god gift}.
 31391 | Snake:4  | 31391 ||| SWAPPING to +7 antimagic broad axe.
 31392 | Snake:4  | 31392 ||| DROPPING +1 antimagic broad axe.
 31853 | Snake:4  | 31853 ||| INVOKING Berserk.
 31864 | Snake:4  | 31864 ||| READING 3 scrolls of teleportation.
 31868 | Snake:4  | 31868 ||| EATING 23 fruits.
 32061 | Snake:4  | 32061 ||| EATING 22 fruits.
 32145 | Snake:4  | 32145 ||| INVOKING Berserk.
 32152 | Snake:4  | Reached skill level 15 in Shields
 32155 | Snake:4  | 32155 ||| EATING 21 fruits.
 32325 | Snake:4  | 32325 ||| EATING 20 fruits.
 32350 | Snake:4  | 32350 ||| INVOKING Berserk.
 32363 | Snake:4  | 32363 ||| EATING 19 fruits.
 32532 | Snake:4  | 32532 ||| EATING 18 fruits.
 32586 | Snake:4  | 32586 ||| INVOKING Berserk.
 32607 | Snake:4  | 32607 ||| READING 2 scrolls of teleportation.
 32611 | Snake:4  | 32611 ||| EATING 17 fruits.
 32807 | Snake:4  | 32807 ||| EATING 16 fruits.
 32882 | Snake:4  | 32882 ||| INVOKING Berserk.
 32887 | Snake:4  | 32887 ||| EATING 15 fruits.
 32890 | Snake:4  | 32890 ||| READING scroll of teleportation.
 33023 | Snake:4  | 33023 ||| EATING 14 fruits.
 33111 | Snake:4  | 33111 ||| INVOKING Berserk.
 33121 | Snake:4  | 33121 ||| EATING 13 fruits.
 33220 | Snake:4  | Received a gift from Trog
 33226 | Snake:4  | 33226 ||| EATING 12 fruits.
 33483 | Snake:4  | 33483 ||| READING scroll of enchant weapon.
 33483 | Snake:4  | 33483 ||| ENCHANTING +7 antimagic broad axe.
 33502 | Snake:4  | 33502 ||| INVOKING Berserk.
 33505 | Snake:4  | Reached XP level 18. HP: 120/120 MP: 6/18
 33621 | Snake:4  | 33621 ||| DROPPING +1 hand axe "Luppae" {flame, rElec Str+4}.
 33702 | Snake:4  | 33702 ||| INVOKING Berserk.
 33722 | Snake:4  | 33722 ||| INVOKING Brothers in Arms.
 33723 | Snake:4  | 33723 ||| EATING 7 meat rations.
 33967 | Snake:4  | Got a serpentine rune of Zot
 34407 | Vaults:1 | Entered Level 1 of the Vaults
 34408 | Vaults:1 | 34408 ||| Entered V.
 34408 | Vaults:1 | 34408 ||| STAIRDANCE
 34414 | Vaults:1 | 34414 ||| STAIRDANCE
 34432 | Vaults:1 | 34432 ||| STAIRDANCE
 34509 | Vaults:1 | 34509 ||| INVOKING Trog's Hand.
 34637 | Vaults:1 | 34637 ||| INVOKING Berserk.
 34875 | Vaults:1 | Received a gift from Trog
 34928 | Vaults:1 | 34928 ||| INVOKING Trog's Hand.
 34998 | Vaults:1 | Reached skill level 15 in Armour
 35492 | Vaults:1 | 35492 ||| INVOKING Trog's Hand.
 35553 | Vaults:1 | 35553 ||| INVOKING Brothers in Arms.
 35555 | Vaults:1 | 35555 ||| INVOKING Berserk.
 35572 | Vaults:1 | 35572 ||| INVOKING Trog's Hand.
 35742 | Vaults:1 | Got a clouded turquoise ring
 35762 | Vaults:1 | 35762 ||| INVOKING Berserk.
 35775 | Vaults:1 | 35775 ||| EATING 11 fruits.
 36281 | Vaults:1 | 36281 ||| UPGRADING to fire dragon scales.
 36291 | Vaults:1 | 36291 ||| UPGRADING to +4 plate armour.
 36301 | Vaults:1 | 36301 ||| UPGRADING to large marble ring.
 36303 | Vaults:1 | 36303 ||| READING 8 scrolls of remove curse.
 36304 | Vaults:1 | 36304 ||| REMOVING ring of loudness.
 36305 | Vaults:1 | 36305 ||| UPGRADING to +2 ring of evasion.
 36306 | Vaults:1 | 36306 ||| UPGRADING to ring of protection from fire.
 36308 | Vaults:1 | 36308 ||| UPGRADING to ring of see invisible.
 36310 | Vaults:1 | 36310 ||| DROPPING ring of loudness.
 36311 | Vaults:1 | 36311 ||| UPGRADING to clouded turquoise ring.
 36312 | Vaults:1 | Identified the ring of Isiul {rN+ MP+9 Str+6 Stlth+} (You found it on level 1 of the Vaults)
 36313 | Vaults:1 | 36313 ||| DROPPING +2 ring of evasion.
 36314 | Vaults:1 | 36314 ||| UPGRADING to ring of see invisible.
 36343 | Vaults:2 | 36343 ||| STAIRDANCE
 36358 | Vaults:2 | 36358 ||| STAIRDANCE
 36430 | Vaults:2 | 36430 ||| INVOKING Trog's Hand.
 36539 | Vaults:2 | 36539 ||| INVOKING Berserk.
 36598 | Vaults:2 | 36598 ||| INVOKING Trog's Hand.
 36600 | Vaults:2 | 36600 ||| INVOKING Berserk.
 36603 | Vaults:2 | Received a gift from Trog
 36747 | Vaults:2 | 36747 ||| INVOKING Trog's Hand.
 36795 | Vaults:2 | 36795 ||| INVOKING Brothers in Arms.
 36800 | Vaults:2 | 36800 ||| INVOKING Berserk.
 36866 | Vaults:2 | Reached XP level 19. HP: 128/128 MP: 9/19
 37161 | Vaults:2 | 37161 ||| INVOKING Trog's Hand.
 37182 | Vaults:2 | 37182 ||| INVOKING Trog's Hand.
 37183 | Vaults:2 | 37183 ||| INVOKING Brothers in Arms.
 37185 | Vaults:2 | 37185 ||| INVOKING Berserk.
 37243 | Vaults:2 | 37243 ||| INVOKING Trog's Hand.
 37549 | Vaults:2 | 37549 ||| INVOKING Trog's Hand.
 37552 | Vaults:2 | Received a gift from Trog
 37574 | Vaults:2 | 37574 ||| INVOKING Berserk.
 37581 | Vaults:2 | 37581 ||| EATING 10 fruits.
 37612 | Vaults:2 | 37612 ||| EATING 9 fruits.
 37791 | Vaults:2 | Reached skill level 6 in Dodging
 38154 | Vaults:2 | Found Reummir's Antique Armour Boutique.
 38155 | Vaults:2 | Got a scorched copper ring
 38161 | Vaults:2 | Bought a glowing large shield for 217 gold pieces
 38161 | Vaults:2 | 38161 ||| SHOPLISTING +1 cloak of Starlight {rElec rC+ EV+4 Stlth--} (1290 gold, have 238).
 38168 | Vaults:2 | 38168 ||| INVOKING Burn Spellbooks.
 38307 | Vaults:2 | 38307 ||| UPGRADING to glowing large shield.
 38317 | Vaults:2 | 38317 ||| DROPPING +0 large shield.
 38318 | Vaults:2 | 38318 ||| READING 8 scrolls of remove curse.
 38319 | Vaults:2 | 38319 ||| UPGRADING to ivory ring.
 38321 | Vaults:2 | 38321 ||| REMOVING ring of wizardry.
 38322 | Vaults:2 | 38322 ||| DROPPING ring of wizardry.
 38323 | Vaults:2 | 38323 ||| UPGRADING to ring of protection from fire.
 38324 | Vaults:2 | 38324 ||| UPGRADING to +3 ring of evasion.
 38326 | Vaults:2 | 38326 ||| UPGRADING to ring of Isiul {rN+ MP+9 Str+6 Stlth+}.
 38328 | Vaults:2 | 38328 ||| UPGRADING to scorched copper ring.
 38329 | Vaults:2 | Identified the cursed ring of the Final Decision {Str+2 Dex-4 Slay+3} (You took it off a yaktaur captain on level 2 of the Vaults)
 38330 | Vaults:2 | 38330 ||| READING 7 scrolls of remove curse.
 38331 | Vaults:2 | 38331 ||| UPGRADING to +3 ring of evasion.
 38333 | Vaults:2 | 38333 ||| UPGRADING to ring of Isiul {rN+ MP+9 Str+6 Stlth+}.
 38335 | Vaults:2 | 38335 ||| DROPPING ring of the Final Decision {Str+2 Dex-4 Slay+3}.
 38391 | Vaults:3 | 38391 ||| INVOKING Trog's Hand.
 38392 | Vaults:3 | 38392 ||| DRINKING 18 potions of curing.
 38392 | Vaults:3 | 38392 ||| (to cure confusion)
 38437 | Vaults:3 | 38437 ||| EATING 8 fruits.
 38600 | Vaults:3 | Reached skill level 18 in Fighting
 38855 | Vaults:3 | 38855 ||| INVOKING Trog's Hand.
 38910 | Vaults:3 | 38910 ||| INVOKING Berserk.
 39248 | Vaults:3 | Received a gift from Trog
 39326 | Vaults:3 | 39326 ||| READING scroll of enchant armour.
 39326 | Vaults:3 | 39326 ||| ENCHANTING +1 cloak.
 39945 | Vaults:3 | 39945 ||| INVOKING Brothers in Arms.
 39946 | Vaults:3 | 39946 ||| INVOKING Berserk.
 39948 | Vaults:3 | Reached skill level 18 in Shields
 39952 | Vaults:3 | 39952 ||| EATING 7 fruits.
 40061 | Vaults:3 | 40061 ||| DRINKING 18 potions of curing.
 40061 | Vaults:3 | 40061 ||| (to cure confusion)
 40062 | Vaults:3 | 40062 ||| DRINKING 17 potions of curing.
 40062 | Vaults:3 | 40062 ||| (to cure confusion)
 40063 | Vaults:3 | 40063 ||| DRINKING 16 potions of curing.
 40063 | Vaults:3 | 40063 ||| (to cure confusion)
 40064 | Vaults:3 | 40064 ||| INVOKING Trog's Hand.
 40071 | Vaults:3 | 40071 ||| EATING 6 fruits.
 40159 | Vaults:3 | Found a staircase to the Crypt.
 40310 | Vaults:4 | Reached XP level 20. HP: 136/136 MP: 9/20
 40333 | Vaults:4 | 40333 ||| INVOKING Trog's Hand.
 40472 | Vaults:4 | Received a gift from Trog
 40514 | Vaults:4 | 40514 ||| INVOKING Trog's Hand.
 40580 | Vaults:4 | 40580 ||| INVOKING Trog's Hand.
 40643 | Vaults:4 | 40643 ||| INVOKING Trog's Hand.
 40710 | Vaults:4 | 40710 ||| INVOKING Trog's Hand.
 40713 | Vaults:4 | 40713 ||| INVOKING Berserk.
 40923 | Vaults:4 | Found Emuddipn's Armour Shoppe.
 40928 | Vaults:4 | 40928 ||| SHOPLISTING +6 scale mail "Pytoru" {rCorr Int+4 Slay+2} (1204 gold, have 671).
 40928 | Vaults:4 | 40928 ||| SHOPLISTING +3 plate armour of fire resistance (855 gold, have 671).
 41087 | Vaults:4 | 41087 ||| INVOKING Trog's Hand.
 41088 | Vaults:4 | 41088 ||| INVOKING Berserk.
 41116 | Vaults:4 | 41116 ||| EATING 5 fruits.
 41126 | Vaults:4 | Noticed Sojobo
 41127 | Vaults:4 | 41127 ||| INVOKING Brothers in Arms.
 41134 | Vaults:4 | Killed Sojobo
 41144 | Vaults:4 | 41144 ||| EATING 4 fruits.
 41335 | Vaults:4 | Received a gift from Trog
 41428 | Vaults:4 | Noticed Donald
 41438 | Vaults:4 | Killed Donald
 41598 | Vaults:4 | 41598 ||| INVOKING Trog's Hand.
 41647 | Vaults:4 | 41647 ||| INVOKING Berserk.
 42162 | Vaults:4 | 42162 ||| INVOKING Berserk.
 42281 | Vaults:4 | 42281 ||| INVOKING Trog's Hand.
 42283 | Vaults:4 | 42283 ||| INVOKING Berserk.
 42289 | Vaults:4 | Reached XP level 21. HP: 144/144 MP: 10/21
 42415 | Vaults:4 | 42415 ||| UPGRADING to runed plate armour.
 42425 | Vaults:4 | 42425 ||| READING 8 scrolls of remove curse.
 42426 | Vaults:4 | 42426 ||| UPGRADING to +4 plate armour.
 42437 | Vaults:4 | 42437 ||| DROPPING -2 plate armour.
 42438 | Vaults:4 | 42438 ||| DROPPING 5 poisoned javelins.
 42848 | Swamp:1  | Entered Level 1 of the Swamp
 42849 | Swamp:1  | 42849 ||| Entered S.
 42882 | Swamp:1  | Received a gift from Trog
 42884 | Swamp:1  | 42884 ||| SWAPPING to glowing broad axe {god gift}.
 42885 | Swamp:1  | 42885 ||| SWAPPING to +8 antimagic broad axe.
 42890 | Swamp:1  | 42890 ||| DROPPING +2 antimagic broad axe.
 42954 | Swamp:1  | 42954 ||| EATING 3 fruits.
 43025 | Swamp:1  | Reached skill level 18 in Armour
 43309 | Swamp:1  | Noticed Nikola
 43321 | Swamp:1  | Killed Nikola
 43897 | Swamp:2  | 43897 ||| READING scroll of enchant armour.
 43897 | Swamp:2  | 43897 ||| ENCHANTING +4 plate armour.
 43913 | Swamp:2  | Found a shimmering altar of Xom.
 44016 | Swamp:2  | 44016 ||| READING scroll of enchant weapon.
 44016 | Swamp:2  | 44016 ||| ENCHANTING +8 antimagic broad axe.
 44159 | Swamp:2  | Received a gift from Trog
 44360 | Swamp:2  | 44360 ||| UPGRADING to amulet of reflection.
 44362 | Swamp:2  | 44362 ||| UPGRADING to +4 amulet of reflection.
 44364 | Swamp:2  | 44364 ||| DROPPING +3 amulet of reflection.
 44376 | Swamp:2  | 44376 ||| EATING 2 fruits.
 44640 | Swamp:3  | 44640 ||| EATING fruit.
 44828 | Swamp:3  | Noticed Bai Suzhen
 44843 | Swamp:3  | Killed Bai Suzhen
 44844 | Swamp:3  | 44844 ||| Stepping ~*~*~tactically~*~*~ (cloud).
 45104 | Swamp:4  | Entered Level 4 of the Swamp
 45450 | Swamp:4  | 45450 ||| Stepping ~*~*~tactically~*~*~ (cloud).
 45503 | Swamp:4  | Received a gift from Trog
 45730 | Swamp:4  | Got a decaying rune of Zot
 45808 | Swamp:4  | 45808 ||| EATING 11 royal jellies.
 46555 | Depths:1 | Entered Level 1 of the Depths
 46556 | Depths:1 | 46556 ||| Entered U.
 46563 | Depths:1 | Found Plog's General Store.
 46572 | Depths:1 | Bought a potion of haste for 210 gold pieces
 46636 | Depths:1 | Found a one-way gate leading to the halls of Pandemonium.
 46819 | Depths:1 | 46819 ||| INVOKING Trog's Hand.
 46820 | Depths:1 | 46820 ||| INVOKING Brothers in Arms.
 46823 | Depths:1 | 46823 ||| INVOKING Berserk.
 46828 | Depths:1 | 46828 ||| EATING 13 royal jellies.
 47030 | Depths:1 | Reached XP level 22. HP: 152/152 MP: 10/22
 47208 | Depths:1 | 47208 ||| INVOKING Brothers in Arms.
 47210 | Depths:1 | 47210 ||| INVOKING Brothers in Arms.
 47471 | Depths:1 | 47471 ||| INVOKING Brothers in Arms.
 47474 | Depths:1 | Received a gift from Trog
 47588 | Depths:1 | 47588 ||| UPGRADING to pair of glowing boots.
 47610 | Depths:1 | 47610 ||| UPGRADING to +2 pair of boots.
 47620 | Depths:1 | 47620 ||| DROPPING +1 pair of boots.
 47647 | Depths:1 | Found a gateway to Hell.
 47794 | Depths:1 | 47794 ||| READING 21 scrolls of identify.
 47794 | Depths:1 | 47794 ||| IDENTIFYING wand of digging (?/24)
 47795 | Depths:1 | 47795 ||| READING 5 scrolls of recharging.
 47795 | Depths:1 | 47795 ||| RECHARGING wand of digging (4/24).
 47796 | Depths:1 | 47796 ||| READING 20 scrolls of identify.
 47796 | Depths:1 | 47796 ||| IDENTIFYING wand of digging (?/24)
 47797 | Depths:1 | 47797 ||| READING 19 scrolls of identify.
 47797 | Depths:1 | 47797 ||| IDENTIFYING wand of digging (?/24)
 47798 | Depths:1 | 47798 ||| READING 4 scrolls of recharging.
 47798 | Depths:1 | 47798 ||| RECHARGING wand of digging (9/24).
 47799 | Depths:1 | 47799 ||| DROPPING wand of digging (11/24).
 47800 | Depths:1 | 47800 ||| DROPPING wand of digging (12/24).
 47823 | Depths:2 | 47823 ||| INVOKING Berserk.
 47841 | Depths:2 | 47841 ||| INVOKING Trog's Hand.
 47924 | Depths:2 | 47924 ||| INVOKING Trog's Hand.
 48093 | Depths:2 | Found Sufaomyt's Armour Shoppe.
 48742 | Depths:2 | 48742 ||| EATING 12 royal jellies.
 48834 | Depths:3 | Noticed Saint Roka
 48835 | Depths:3 | 48835 ||| STAIRDANCE
 48842 | Depths:3 | 48842 ||| STAIRDANCE
 48977 | Depths:3 | 48977 ||| STAIRDANCE
 48998 | Depths:3 | Received a gift from Trog
 49000 | Depths:3 | 49000 ||| INVOKING Berserk.
 49009 | Depths:3 | Killed Saint Roka
 49192 | Depths:3 | Reached skill level 21 in Fighting
 49304 | Depths:3 | 49304 ||| INVOKING Berserk.
 49488 | Depths:3 | 49488 ||| INVOKING Brothers in Arms.
 49543 | Depths:3 | Found Gozag's Antique Armour Shop.
 49548 | Depths:3 | Found an opulent altar of Gozag.
 49548 | Depths:3 | Found Gozag's Antique Weapon Shop.
 49548 | Depths:3 | Noticed a golden dragon
 49549 | Depths:3 | Found a one-way gate to the infinite horrors of the Abyss.
 49552 | Depths:3 | 49552 ||| INVOKING Berserk.
 49558 | Depths:3 | Found Gozag's Antique Weapon Boutique.
 49694 | Depths:3 | 49694 ||| INVOKING Trog's Hand.
 49734 | Depths:3 | 49734 ||| INVOKING Trog's Hand.
 49764 | Depths:3 | Found a gateway to a ziggurat.
 49954 | Depths:3 | 49954 ||| INVOKING Trog's Hand.
 50025 | Depths:3 | Killed a golden dragon
 50284 | Depths:4 | Reached skill level 21 in Shields
 50287 | Depths:4 | 50287 ||| INVOKING Berserk.
 50609 | Depths:4 | 50609 ||| INVOKING Trog's Hand.
 50622 | Depths:4 | 50622 ||| INVOKING Berserk.
 50625 | Depths:4 | 50625 ||| EATING 11 royal jellies.
 50650 | Depths:4 | 50650 ||| INVOKING Brothers in Arms.
 50655 | Depths:4 | 50655 ||| EATING 11 royal jellies.
 50663 | Depths:4 | 50663 ||| INVOKING Berserk.
 50665 | Depths:4 | Reached XP level 23. HP: 160/160 MP: 10/23
 50679 | Depths:4 | Noticed a golden dragon
 50683 | Depths:4 | 50683 ||| READING 7 scrolls of teleportation.
 50687 | Depths:4 | 50687 ||| READING 6 scrolls of teleportation.
 50690 | Depths:4 | 50690 ||| READING 5 scrolls of teleportation.
 50690 | Depths:4 | HP: 36/160 [ice dragon/blast of cold (32)]
 50691 | Depths:4 | 50691 ||| DRINKING 2 potions of heal wounds.
 50699 | Depths:4 | 50699 ||| READING 4 scrolls of teleportation.
 50700 | Depths:4 | HP: 34/160 [fire dragon/blast of flame (29)]
 50701 | Depths:4 | 50701 ||| DRINKING potion of heal wounds.
 50727 | Depths:4 | 50727 ||| INVOKING Berserk.
 50743 | Depths:4 | 50743 ||| READING 3 scrolls of teleportation.
 50746 | Depths:4 | 50746 ||| EATING 10 royal jellies.
 51146 | Depths:4 | Paralysed by a wizard for 2 turns
 51325 | Depths:4 | Killed a golden dragon
 51555 | Depths:4 | 51555 ||| INVOKING Burn Spellbooks.
 51555 | Depths:4 | Received a gift from Trog
 51626 | Depths:4 | 51626 ||| INVOKING Berserk.
 51672 | Depths:4 | 51672 ||| EATING 9 royal jellies.
 51697 | Depths:4 | 51697 ||| Stepping ~*~*~tactically~*~*~ (cloud).
 52210 | Depths:4 | HP: 26/160 [ice dragon/blast of cold (31)]
 52211 | Depths:4 | 52211 ||| DRINKING 2 potions of heal wounds.
 52212 | Depths:4 | 52212 ||| INVOKING Berserk.
 52217 | Depths:4 | HP: 48/240 [frost giant/battleaxe of freezing (15)]
 52317 | Depths:4 | 52317 ||| EATING 8 royal jellies.
 52601 | Depths:4 | 52601 ||| UPGRADING to +0 gold dragon scales.
 52611 | Depths:4 | 52611 ||| DROPPING +1 plate armour of cold resistance.
 52612 | Depths:4 | 52612 ||| DROPPING +0 ice dragon scales.
 52613 | Depths:4 | 52613 ||| UPGRADING to knobbly moonstone ring.
 52615 | Depths:4 | 52615 ||| REMOVING ring of poison resistance.
 52616 | Depths:4 | 52616 ||| DROPPING ring of poison resistance.
 52617 | Depths:4 | 52617 ||| UPGRADING to ring of resist corrosion.
 52618 | Depths:4 | 52618 ||| UPGRADING to ring of protection from fire.
 52620 | Depths:4 | 52620 ||| UPGRADING to ring of Isiul {rN+ MP+9 Str+6 Stlth+}.
 52678 | Depths:5 | Entered Level 5 of the Depths
 52684 | Depths:5 | 52684 ||| STAIRDANCE
 52696 | Depths:5 | 52696 ||| STAIRDANCE
 52729 | Depths:5 | 52729 ||| INVOKING Brothers in Arms.
 52733 | Depths:5 | Noticed a caustic shrike
 52737 | Depths:5 | 52737 ||| INVOKING Berserk.
 52739 | Depths:5 | Noticed a caustic shrike
 52741 | Depths:5 | Noticed a caustic shrike
 52744 | Depths:5 | Killed a caustic shrike
 52745 | Depths:5 | Noticed a caustic shrike
 52750 | Depths:5 | Killed a caustic shrike
 52757 | Depths:5 | Killed a caustic shrike
 52762 | Depths:5 | Killed a caustic shrike
 52776 | Depths:5 | 52776 ||| INVOKING Brothers in Arms.
 52785 | Depths:5 | 52785 ||| INVOKING Trog's Hand.
 52786 | Depths:5 | 52786 ||| INVOKING Brothers in Arms.
 52792 | Depths:5 | 52792 ||| INVOKING Brothers in Arms.
 52798 | Depths:5 | Reached skill level 21 in Armour
 52806 | Depths:5 | 52806 ||| READING 3 scrolls of teleportation.
 52813 | Depths:5 | Noticed a juggernaut
 52813 | Depths:5 | 52813 ||| INVOKING Brothers in Arms.
 52814 | Depths:5 | 52814 ||| INVOKING Brothers in Arms.
 52819 | Depths:5 | 52819 ||| READING 2 scrolls of teleportation.
 52822 | Depths:5 | 52822 ||| EATING 20 meat rations.
 52837 | Depths:5 | 52837 ||| INVOKING Trog's Hand.
 52916 | Depths:5 | 52916 ||| INVOKING Brothers in Arms.
 52917 | Depths:5 | 52917 ||| INVOKING Berserk.
 52954 | Depths:5 | 52954 ||| READING scroll of teleportation.
 53178 | Depths:5 | 53178 ||| EATING 7 royal jellies.
 53227 | Depths:5 | 53227 ||| INVOKING Berserk.
 53434 | Depths:5 | Noticed a golden dragon
 53435 | Depths:5 | 53435 ||| INVOKING Berserk.
 53440 | Depths:5 | Killed a golden dragon
 53450 | Depths:5 | Killed a juggernaut
 53450 | Depths:5 | Received a gift from Trog
 53451 | Depths:5 | 53451 ||| EATING 6 royal jellies.
 53606 | Depths:5 | Found a gate to the Realm of Zot.
 53623 | Depths:5 | Reached XP level 24. HP: 167/167 MP: 10/23
 53970 | Depths:5 | 53970 ||| INVOKING Burn Spellbooks.
 53974 | Depths:5 | 53974 ||| INVOKING Brothers in Arms.
 53977 | Depths:5 | 53977 ||| INVOKING Berserk.
 54240 | Depths:5 | 54240 ||| UPGRADING to jade ring.
 54242 | Depths:5 | 54242 ||| UPGRADING to +3 ring of evasion.
 54244 | Depths:5 | 54244 ||| UPGRADING to ring of Isiul {rN+ MP+9 Str+6 Stlth+}.
 54246 | Depths:5 | 54246 ||| DROPPING +2 ring of slaying {mikee}.
 54349 | Depths:1 | 54349 ||| EATING 5 royal jellies.
 54532 | Vaults:5 | Entered Level 5 of the Vaults
 54534 | Vaults:5 | 54534 ||| STAIRDANCE
 54592 | Vaults:5 | 54592 ||| STAIRDANCE
 54642 | Vaults:5 | 54642 ||| STAIRDANCE
 54699 | Vaults:4 | 54699 ||| UPGRADING to runed plate armour.
 54709 | Vaults:4 | 54709 ||| READING 12 scrolls of remove curse.
 54710 | Vaults:4 | 54710 ||| UPGRADING to +5 plate armour.
 54720 | Vaults:4 | 54720 ||| UPGRADING to +0 gold dragon scales.
 54730 | Vaults:4 | 54730 ||| DROPPING -2 plate armour.
 54734 | Vaults:5 | 54734 ||| STAIRDANCE
 54770 | Vaults:5 | 54770 ||| STAIRDANCE
 54771 | Vaults:5 | Noticed Margery
 54804 | Vaults:5 | 54804 ||| STAIRDANCE
 54813 | Vaults:5 | 54813 ||| STAIRDANCE
 54881 | Vaults:5 | 54881 ||| INVOKING Berserk.
 54882 | Vaults:5 | Noticed Mara
 54892 | Vaults:5 | 54892 ||| DRINKING 4 potions of resistance.
 54893 | Vaults:5 | 54893 ||| INVOKING Brothers in Arms.
 54895 | Vaults:5 | Noticed zero's illusion
 54895 | Vaults:5 | 54895 ||| INVOKING Brothers in Arms.
 54896 | Vaults:5 | 54896 ||| INVOKING Brothers in Arms.
 54897 | Vaults:5 | 54897 ||| INVOKING Brothers in Arms.
 54908 | Vaults:5 | 54908 ||| INVOKING Brothers in Arms.
 54909 | Vaults:5 | 54909 ||| EATING 20 meat rations.
 54909 | Vaults:5 | HP: 39/168 [frost giant simulacrum (6)]
 54910 | Vaults:5 | 54910 ||| DRINKING potion of heal wounds.
 54915 | Vaults:5 | Killed Margery
 54916 | Vaults:5 | HP: 27/168 [zero's illusion[Mara] (20)]
 54923 | Vaults:5 | HP: 17/168 [zero's illusion[Mara] (3)]
 54927 | Vaults:5 | 54927 ||| INVOKING Brothers in Arms.
 54931 | Vaults:5 | HP: 12/168 [entropy weaver (1)]
 54937 | Vaults:5 | HP: 13/168 [zero's illusion[Mara] (1)]
 54939 | Vaults:5 | Mangled by zero's illusion

Vault maps used:
D:1:      lightli_arrival_lavapool
D:2:      overflow_temple_1_default
D:3:      lemuel_round_altar, chequers_ecumenical_altar_simple, uniq_sigmund,
          uniq_robin
D:4:      first_bread, serial_shops, shop, kennysheep_boxes
D:5:      temple_hall, serial_shops,
          nicolae_shop_temple_entry_statues_fountains, guppyfry_early_orc_mine,
          uniq_prince_ribbit1, uniq_crazy_yiuf_cottage
D:6:      lemuel_zombie_altar_yredelemnul, basic_altar, tgw_trog
D:7:      vehumet_altar_wand_db, grunt_livestock, uniq_menkaure
D:8:      kennysheep_little_box, serial_shops, kennysheep_mini, eino_jars
D:9:      grunt_temple_overflow_open, orc_david_3, uniq_grum
D:10:     due_lair_maze_entry_diamond, nrook_pool_corridor
D:11:     basic_altar
D:12:     minmay_imperfect_grid
D:13:     serial_shops, shop
D:14:     hangedman_vaults_entry_quadrant_bands, serial_glass, glass_columns_a,
          glass_columns_c, glass_columns_b, glass_columns_b, serial_shops, shop,
          uniq_snorg
D:15:     grunt_enter_depths_snipers, fountainhead, serial_shops, shop,
          uniq_kirke
Temple:   nicolae_temple_great_sept
Lair:1:   nicolae_volcano_entry_s_turn
Lair:2:   guppyfry_snake_entry_island, portal_ice_cave_entry_imps,
          minmay_stone_trees_medium
Lair:4:   minmay_swamp_entry_worms, serial_forest, infiniplex_forest_diagonal,
          infiniplex_forest_corner_2, infiniplex_forest_lined_room_2,
          infiniplex_forest_clump_double, infiniplex_forest_fountain,
          infiniplex_forest_straight_3, infiniplex_forest_clump_medium,
          grunt_forest_large_clearings
Lair:6:   hangedman_lair_in_review, wormcave, slime_dummy, uniq_josephine
Swamp:1:  hangedman_swamp_ruin_wall, swamp_pool3, nicolae_swamp_little_tower,
          uniq_nikola
Swamp:2:  basic_altar
Swamp:3:  serial_swamp_ruin, hangedman_swamp_ruin_hall,
          evilmike_swamp_ruin_rubble_2, uniq_bai_suzhen
Swamp:4:  swamp_vile, swamp_pool4, nicolae_swamp_spriggan_camp
Snake:1:  serial_shops, shop
Snake:2:  grunt_ministairs_2, grunt_megastairs_3, uniq_aizul
Snake:3:  basic_stair_grate_trap, minmay_shop_grove, serial_bayou_shore_b,
          serial_bayou_shore_a
Snake:4:  snake_pit_salamanders_mu, st_stairs_8, lemuel_fruit_tree
Orc:1:    serial_shops, nicolae_shop_crystal
Orc:2:    st_orc_mages
Vaults:1: nicolae_vaults_what_the_h, v_misc_10, nicolae_vaults_triangles,
          vaults_mumra_bighexcomb, v_pattern_1, nicolae_vaults_network_star,
          nicolae_vaults_little_squares_4, ontoclasm_vaults_fault,
          nicolae_vaults_yaktaur_gun_rack, serial_ice_g, v_misc_24,
          nicolae_vaults_little_squares_6
Vaults:2: grunt_vaults_focal, v_pattern_5, st_octagons_1, v_misc_14,
          nicolae_vaults_stairing_the_circle, ontoclasm_vaults_eye, v_misc_29,
          nicolae_vaults_puzzle_piece, v_misc_28, nicolae_vaults_rhombus_6,
          vaults_room_stairs_pillars, nicolae_vaults_little_squares_5,
          serial_shops, nicolae_shop_overgrown_old_shop
Vaults:3: v_misc_17, vaults_room_ringed_pool, minmay_crypt_entry_simple_round,
          nicolae_vaults_shelves_hall, vaults_room_guarded_vault,
          nicolae_vaults_border_crossing, vaults_room_corners, v_pattern_4,
          infiniplex_enter_wizlab_spiral
Vaults:4: dpeg_vaults_waves, v_rooms_1, v_misc_13, hangedman_vaults_locks,
          v_misc_2, v_misc_4, vaults_mumra_hex, nicolae_vaults_specimen_jars,
          nicolae_vaults_gold_heap, v_misc_2, nicolae_vaults_back_hallway,
          grunt_vaults_hallway_short, hangedman_vaults_impose, serial_shops,
          shop_coins, uniq_sojobo, uniq_donald
Vaults:5: uniq_mara, uniq_margery
Depths:1: rand_demon_pan_entry_7, kennysheep_cluttered_room, hell_entry,
          serial_shops, nicolae_shop_trees,
          minmay_the_grid_square_5x5_3x3_mashed, serial_bayou_shore_b
Depths:2: wad_pebble_path, hangedman_abyss_or_decor_slice,
          grunt_hell_entry_dis_mu, serial_shops, shop
Depths:3: kennysheep_gozag_temple, enter_ziggurat_e, abyss_entry,
          hangedman_glass_teeth, grunt_pan_entry_in_and_out, hell_entry,
          uniq_saint_roka
Depths:4: hangedman_arch_fort, minmay_misc_feat_square, abyss_entry,
          lightli_too_deep
Depths:5: grunt_crosshair, hell_entry, corexii_corridor_pit, horrible_house_mu

Skill      XL: |  1  2  3  4  5  6  7  8  9 10 11 12 13 14 15 16 17 18 19 20 21 22 23 24 |
---------------+-------------------------------------------------------------------------+-----
Axes           | 3 4 6 7 8 9 10 11 12 14 15 17 18 | 18.0
Fighting       | 4 5 6 8 9 10 11 12 13 14 16 17 18 19 20 21 22 | 22.0
Dodging        | 2 3 4 5 6 7 8 |  8.3
Armour         | 6 9 10 11 12 13 14 15 16 17 18 19 21 22 | 22.0
Shields        | 11 12 13 14 15 16 18 19 20 21 22 | 22.0

Action                   |  1- 3 |  4- 6 |  7- 9 | 10-12 | 13-15 | 16-18 | 19-21 | 22-24 || total
-------------------------+-------+-------+-------+-------+-------+-------+-------+-------++-------
Melee: Hand axe          |   119 |   135 |   153 |     7 |    18 |       |       |       ||   432
       Unarmed           |       |     1 |       |       |       |       |       |       ||     1
       War axe           |       |       |    36 |       |       |       |       |       ||    36
       Broad axe         |       |       |   171 |   592 |  1071 |  1153 |  1212 |  1020 ||  5219
       Headbutt          |       |       |       |   106 |   273 |   282 |   338 |   332 ||  1331
Throw: Tomahawk          |       |       |    52 |    12 |    18 |       |       |       ||    82
       Javelin           |       |       |       |       |       |       |    17 |       ||    17
Invok: Berserk           |     2 |     3 |    13 |    16 |    12 |    22 |    10 |    16 ||    94
       Burn Spellbooks   |       |       |       |     2 |     1 |     1 |     1 |     2 ||     7
       Brothers in Arms  |       |       |       |     2 |    11 |     4 |     4 |    17 ||    38
       Trog's Hand       |       |       |       |       |     7 |     8 |    16 |     8 ||    39
 Abil: Fly               |       |       |       |       |     1 |       |       |       ||     1
  Use: Scroll            |     3 |     3 |    10 |     8 |    17 |     7 |     6 |    14 ||    68
       Potion            |     1 |     1 |     6 |     3 |     5 |       |     4 |     5 ||    25
 Stab: Distracted        |       |       |       |       |       |     1 |       |       ||     1
  Eat: Fruit             |     1 |     1 |       |     4 |    14 |    27 |    10 |       ||    57
       Chunk             |     3 |     6 |    30 |    35 |    42 |    31 |    36 |    33 ||   216
       Meat ration       |       |       |       |       |     1 |     1 |       |       ||     2
       Royal jelly       |       |       |       |       |       |       |     2 |     8 ||    10
Armor: Animal skin       |    28 |       |       |       |       |       |       |       ||    28
       Ring mail         |    25 |    43 |       |       |       |       |       |       ||    68
       Scale mail        |       |     6 |    30 |       |       |       |       |       ||    36
       Leather armour    |       |       |    83 |       |       |       |       |       ||    83
       Chain mail        |       |       |    32 |   129 |       |       |       |       ||   161
       Plate armour      |       |       |       |   421 |   432 |   378 |   341 |   193 ||  1765
       Gold dragon scale |       |       |       |       |       |       |       |   228 ||   228
Dodge: Dodged            |    90 |    93 |   167 |   323 |   216 |   182 |   159 |   179 ||  1409
Block: Large shield      |       |       |       |       |   937 |  1166 |  1047 |  1164 ||  4314
       Reflection        |       |       |       |       |    52 |   127 |    75 |    58 ||   312

Table legend:
 A = Spawn XP
 B = Non-spawn XP
 C = Spawn XP percentage of total XP
 D = Spawn monster count
 E = Non-spawn monster count
 F = Spawn count percentage of total count
 G = Total turns spent on level
                    A         B        C        D         E        F      G
               +---------+---------+-------+---------+---------+-------+---------
         Total |       0 |  896794 |   0.0 |       0 |    1848 |   0.0 | 54939
               +---------+---------+-------+---------+---------+-------+---------
           D:1 |       0 |      42 |   0.0 |       0 |      24 |   0.0 |  1111
           D:2 |       0 |      83 |   0.0 |       0 |      21 |   0.0 |   688
           D:3 |       0 |     359 |   0.0 |       0 |      22 |   0.0 |   994
           D:4 |       0 |     606 |   0.0 |       0 |      17 |   0.0 |   759
           D:5 |       0 |    1576 |   0.0 |       0 |      37 |   0.0 |  2125
           D:6 |       0 |     975 |   0.0 |       0 |      29 |   0.0 |  1328
           D:7 |       0 |    2194 |   0.0 |       0 |      26 |   0.0 |   936
           D:8 |       0 |    1044 |   0.0 |       0 |      27 |   0.0 |   784
           D:9 |       0 |    7122 |   0.0 |       0 |      59 |   0.0 |  1769
          D:10 |       0 |    2877 |   0.0 |       0 |      31 |   0.0 |  1383
          D:11 |       0 |    4371 |   0.0 |       0 |      37 |   0.0 |   885
          D:12 |       0 |   11267 |   0.0 |       0 |      61 |   0.0 |  1590
          D:13 |       0 |    3809 |   0.0 |       0 |      23 |   0.0 |  1223
          D:14 |       0 |   23666 |   0.0 |       0 |      72 |   0.0 |  1816
          D:15 |       0 |   19948 |   0.0 |       0 |      51 |   0.0 |  1269
        Lair:1 |       0 |    2085 |   0.0 |       0 |      10 |   0.0 |  1042
        Lair:2 |       0 |    4913 |   0.0 |       0 |      30 |   0.0 |  1282
        Lair:3 |       0 |    4090 |   0.0 |       0 |      16 |   0.0 |  1006
        Lair:4 |       0 |    6779 |   0.0 |       0 |      41 |   0.0 |  1537
        Lair:5 |       0 |    3934 |   0.0 |       0 |      16 |   0.0 |   876
        Lair:6 |       0 |   14668 |   0.0 |       0 |      40 |   0.0 |  1234
       Swamp:1 |       0 |   16944 |   0.0 |       0 |      26 |   0.0 |   742
       Swamp:2 |       0 |   15394 |   0.0 |       0 |      47 |   0.0 |   849
       Swamp:3 |       0 |   15818 |   0.0 |       0 |      24 |   0.0 |   739
       Swamp:4 |       0 |   31488 |   0.0 |       0 |      56 |   0.0 |  1116
       Snake:1 |       0 |   30931 |   0.0 |       0 |      53 |   0.0 |  2114
       Snake:2 |       0 |   19028 |   0.0 |       0 |      31 |   0.0 |  1121
       Snake:3 |       0 |   19064 |   0.0 |       0 |      40 |   0.0 |  1375
       Snake:4 |       0 |   68321 |   0.0 |       0 |     110 |   0.0 |  3190
         Orc:1 |       0 |    1056 |   0.0 |       0 |       8 |   0.0 |   287
         Orc:2 |       0 |    9330 |   0.0 |       0 |      83 |   0.0 |  1360
      Vaults:1 |       0 |   34585 |   0.0 |       0 |      73 |   0.0 |  1985
      Vaults:2 |       0 |   54858 |   0.0 |       0 |      91 |   0.0 |  1991
      Vaults:3 |       0 |   44189 |   0.0 |       0 |      65 |   0.0 |  1983
      Vaults:4 |       0 |  126245 |   0.0 |       0 |     156 |   0.0 |  2543
      Vaults:5 |       0 |   28210 |   0.0 |       0 |      20 |   0.0 |    84
      Depths:1 |       0 |   39985 |   0.0 |       0 |      49 |   0.0 |  1288
      Depths:2 |       0 |   25524 |   0.0 |       0 |      45 |   0.0 |  1208
      Depths:3 |       0 |   42115 |   0.0 |       0 |      48 |   0.0 |  1215
      Depths:4 |       0 |   73955 |   0.0 |       0 |      71 |   0.0 |  2534
      Depths:5 |       0 |   83346 |   0.0 |       0 |      62 |   0.0 |  1576
               +---------+---------+-------+---------+---------+-------+---------
